Map: Ley Lines

Players

Vaisravana - Winner!

  • Race: Zerg Zerg
  • Spawn Location: 1:00

hiyokoeru

  • Race: Protoss Protoss
  • Spawn Location: 7:00

VOD

Have the link to the VOD?

Description

Time

  • Played on: May 27, 2025, 4:03 p.m.
  • Length: 9:23
Show
View Real Time Build Order
Export as new Build Order

Vaisravana Zerg - Winner!

Build Orders: Pool First 

Get SALT Encoding   

  12  0:00  Drone  
  13  0:12  Overlord  
  13  0:16  Drone  
  14  0:30  Drone x2  
  16  0:40  Spawning Pool  
  15  0:44  Drone  
  15  0:47  Drone  
  17  1:10  Drone  
  18  1:12  Hatchery  
  18  1:14  Extractor  
  16  1:27  Zergling x4  
  16  1:28  Zergling x2  
  19  1:35  Queen  
  21  1:41  Drone  
  22  1:50  Overlord  
  22  2:09  Drone  
  22  2:11  Queen  
  22  2:13  Drone  
  26  2:16  Metabolic Boost  
  26  2:25  Drone x2  
  28  2:34  Queen  
  30  2:40  Drone  
  31  2:52  Lair  
  31  2:55  Drone  
  31  2:56  Drone  
  31  2:58  Overlord  
  33  3:02  Extractor  
  32  3:13  Drone  
  32  3:14  Drone x3  
  36  3:24  Drone x4  
  40  3:34  Roach Warren  
  39  3:38  Drone x2  
  41  3:44  Overlord  
  41  3:54  Overlord  
  41  3:56  Drone x3  
  44  4:05  Spore Crawler, Drone  
  44  4:13  Glial Reconstitution  
  44  4:16  Drone x4  
  48  4:17  Roach x2  
  48  4:21  Overlord  
  52  4:29  Roach x2  
  56  4:44  Roach  
  56  4:45  Roach x2  
  62  4:53  Roach  
  62  4:54  Roach x2, Hatchery  
  67  5:11  Overlord x2  
  66  5:17  Hydralisk Den, Drone  
  66  5:18  Drone  
  67  5:22  Extractor  
  67  5:23  Drone  
  67  5:30  Drone  
  67  5:31  Drone x5  
  73  5:37  Drone x3  
  73  5:39  Drone x3  
  75  5:52  Overlord  
  75  5:54  Grooved Spines  
  71  6:02  Spore Crawler  
  71  6:03  Hydralisk  
  71  6:04  Hydralisk x3  
  64  6:20  Drone x3  
  64  6:21  Drone x4  
  71  6:27  Hydralisk x4  
  79  6:33  Overseer  
  79  6:36  Hydralisk x5  
  79  6:37  Extractor x2  
  87  6:45  Drone x2  
  89  6:49  Muscular Augments  
  89  6:51  Drone  
  89  6:53  Spore Crawler  
  89  7:08  Drone  
  90  7:19  Overlord  
  90  7:20  Overlord x2  
  89  7:26  Drone, Hatchery  
  89  7:30  Evolution Chamber  
  89  7:34  Drone  
  89  7:35  Drone  
  90  7:39  Drone x3  
  90  7:40  Drone x2  
  90  7:41  Roach x9  
  113  7:47  Overlord x2  
  113  7:48  Overlord x3  
  113  8:07  Hydralisk x3  
  113  8:08  Hydralisk x7  
  133  8:16  Roach x3  
  133  8:17  Roach  
  141  8:28  Roach x3  
  147  8:37  Roach x3  
  147  8:40  Overlord  
  147  8:41  Overlord x2  
  151  9:00  Roach x15  
  151  9:01  Roach  
Show
View Real Time Build Order
Export as new Build Order

hiyokoeru Protoss 

Build Orders: Oracle Opening 

Get SALT Encoding   

  12  0:00  Probe  
  13  0:12  Probe  
  14  0:18  Pylon  
  14  0:25  Probe  
  15  0:37  Probe  
  15  0:39  Gateway  
  16  0:45  Probe  
  16  0:46  Assimilator  
  17  0:53  Probe  
  17  1:03  Probe  
  19  1:15  Probe  
  20  1:27  Cybernetics Core, Probe  
  20  1:29  Pylon  
  20  1:31  Zealot  
  23  2:00  Adept  
  23  2:02  Nexus  
  24  2:15  Probe  
  26  2:28  Probe  
  27  2:35  Adept  
  27  2:36  Pylon  
  29  2:42  Probe  
  29  2:55  Assimilator  
  29  2:59  Probe, Stargate  
  30  3:14  Probe  
  30  3:15  Probe  
  32  3:26  Probe  
  33  3:30  Probe  
  34  3:36  Oracle  
  34  3:41  Probe  
  35  3:44  Shield Battery  
  35  3:48  Warp Gate  
  38  3:50  Probe  
  38  3:53  Probe  
  40  4:05  Probe  
  40  4:09  Nexus  
  41  4:10  Pylon  
  41  4:19  Probe  
  42  4:24  Probe  
  42  4:29  Twilight Council  
  43  4:31  Gateway  
  43  4:33  Probe  
  43  4:34  Gateway  
  44  4:39  Probe, Gateway  
  44  4:45  Probe  
  46  4:51  Probe  
  46  4:52  Pylon  
  47  4:58  Shield Battery  
  47  4:59  Stalker  
  47  5:01  Charge  
  49  5:10  Probe  
  50  5:17  Probe  
  50  5:20  Assimilator  
  51  5:24  Assimilator  
  51  5:26  Templar Archives  
  51  5:31  Shield Battery  
  51  5:34  Probe  
  48  5:46  Stalker x4  
  48  5:48  Probe  
  55  5:54  Probe  
  42  6:08  Probe x2  
  42  6:09  Probe  
  41  6:20  Probe  
  41  6:21  Probe x2  
  41  6:23  High Templar  
  46  6:32  Probe  
  46  6:33  Probe x2  
  46  6:39  Robotics Facility  
  49  6:41  Probe x3  
  49  6:45  Forge  
  52  6:48  Blink  
  52  6:49  Probe x3  
  55  6:59  Probe x3  
  57  7:03  Zealot x4  
  66  7:12  Probe, Protoss Ground Weapons Level 1  
  66  7:13  Probe x2  
  69  7:23  Pylon  
  69  7:24  Probe  
  69  7:25  Probe  
  69  7:27  Zealot  
  69  7:28  Zealot x2  
  69  7:29  Probe  
  78  7:31  Warp Prism  
  78  7:36  Probe  
  79  7:37  Probe  
  79  7:44  Probe  
  83  7:50  Stalker x3  
  89  7:54  Probe  
  89  7:55  Probe  
  89  7:56  Probe  
  92  8:02  Assimilator  
  92  8:04  Shield Battery  
  92  8:06  Probe  
  92  8:09  Assimilator, Photon Cannon  
  93  8:15  Photon Cannon  
  93  8:20  Pylon  
  93  8:25  Probe x2  
  93  8:26  Probe  
  92  8:27  Pylon  
  92  8:28  Pylon  
  92  8:29  Pylon  
  89  8:42  Zealot x2  
  93  8:48  Probe x2  
  93  8:51  Zealot x2  
  95  8:58  Gateway  
  95  8:59  Gateway  
  95  9:00  Gateway  
  85  9:03  Gateway  
Tags
 
Add a new tag
Caveats
  • Supply blocks, unpowered buildings, or Contaminate may cause inaccurate times.
  • Supply counts are checked every 10 seconds.